 Dungeon Crawl Stone Soup version 0.30-a0-919-g9323dee000 (webtiles) character file.

Game seed: 8241693206577915490

44 CrazyBamboolord the Insei (level 3, -7/26 HPs)
             Began as a Merfolk Transmuter on Mar 21, 2023.
             Killed from afar by an orc wizard (9 damage)
             ... with a magic dart
             ... on level 3 of the Dungeon.
             The game lasted 00:03:17 (2093 turns).

CrazyBamboolord the Insei (Merfolk Transmuter)      Turns: 2093, Time: 00:03:18

Health: -7/26      AC:  2    Str: 10    XL:     3   Next: 60%
Magic:  6/6        EV: 13    Int: 14    God:
Gold:   151        SH:  0    Dex: 14    Spells: 0/6 levels left

rFire   . . .      SeeInvis .      - Unarmed
rCold   . . .      Faith    .    (no shield)
rNeg    . . .      Spirit   .    a - +0 robe
rPois   .          Reflect  .    (helmet currently unavailable)
rElec   .          Rampage  .    (no cloak)
rCorr   .                        (no gloves)
Will    .....                    (boots currently unavailable)
Stlth   +                        (no amulet)
HPRegen 0.24/turn                (no ring)
MPRegen 0.10/turn                (no ring)

@: confused, mighty, appendages (expiring)
A: horns 2, (nimble swimmer 2), mertail
a: End Transformation


You were on level 3 of the Dungeon.
You had temporarily grown beastly horns.
You visited 1 branch of the dungeon, and saw 3 of its levels.

You collected 151 gold pieces.

Inventory:

Armour
 a - a +0 robe (worn)
Scrolls
 c - a scroll of noise
 d - 2 scrolls of fear
 f - a scroll of summoning {unknown}
 h - 2 scrolls of enchant weapon {unknown}
 i - a scroll of vulnerability {unknown}
 j - a scroll of poison {unknown}
 l - a scroll of fog {unknown}
 m - a scroll of magic mapping {unknown}
 o - a scroll of immolation {unknown}
Potions
 b - a potion of lignification
 e - a potion of mutation
 k - a potion of degeneration {unknown}
 n - a potion of attraction {unknown}
 p - a potion of berserk rage {unknown}


   Skills:
 * Level 1.6 Fighting
 * Level 3.1 Dodging
 * Level 4.0 Unarmed Combat
 * Level 2.3 Spellcasting
 * Level 3.1 Transmutations
 * Level 0.3 Poison Magic


You couldn't memorise any spells.
You knew the following spells:

 Your Spells              Type           Power      Damage    Failure   Level
a - Beastly Appendage     Tmut           20%        N/A       6%          1
b - Wereblood             Tmut           10%        N/A       10%         2
c - Spider Form           Tmut/Pois      6%         N/A       34%         3

Your spell library contained the following spells:

 Spells                   Type           Power      Damage    Failure   Level
 Ice Form                 Ice/Tmut       5%         N/A       77%         4


Dungeon Overview and Level Annotations

Branches:
Dungeon (3/15)

Altars:
Okawaru


Innate Abilities, Weirdness & Mutations

You have temporarily grown beastly horns.
((You are very nimble when in or above water. (Stealth+, EV+, Speed+++)))
Your lower body shifts to a powerful aquatic tail in water.


Message History

The orc wizard is heavily wounded.
The orc wizard gestures at you while chanting.
You resist with significant effort.
Casting: Beastly Appendage (safe; 6% risk of failure)
Press: ? - help, Q - select action, (/) - cycle Dir - look around, f - activate You grow a pair of large bovine horns.
The orc wizard hits you with a +0 dagger.
You miss the orc wizard.
The orc wizard is heavily wounded.
The orc wizard hits you with a +0 dagger.
You barely miss the orc wizard. You headbutt the orc wizard!
The orc wizard is almost dead.
The orc wizard gestures at you while chanting.
You are confused.
You miss the orc wizard.
The orc wizard is almost dead.
The orc wizard hits you with a +0 dagger.
You bump into the rock wall.
The orc wizard casts a spell.
The orc wizard flickers and vanishes!
Deactivating autopickup; reactivate with Ctrl-A.
Something hits you but does no damage.
You completely miss something. Your headbutt misses something.
Your punch misses something.
Your transformation is almost over.
You completely miss something.
An orc comes into view. It is wielding a +0 flail.
The orc barely misses you.
You hear some strange, mumbled words.
A puff of flame appears from out of thin air!
The puff of flame hits you!
* * * LOW HITPOINT WARNING * * *
You bump into the rock wall.
The orc barely misses you. Something hits you.
* * * LOW HITPOINT WARNING * * *
It was a potion of might.
You feel very mighty all of a sudden.
You hear some strange, mumbled words.
A magic dart appears from out of thin air!
The magic dart hits you!
You die...

..#.#.#...#.....###
._#.#.#..#.#..#...#
....#.#.#._.#.#...#
.<###.#..#.#..#...#
..........#.†.....+
#.^..##...........##
......(............+
#...)#########..####
#..).# ..?...#.@{#
#....# ......###o#
#..).# ...... #o#
#....# ...... .o.
.....# ##### .....
[...## ....#.. ....#
.....##.# ....#
#.....# .. ....#
#.....# .#


You could see 3 orcs.

Vanquished Creatures
  2 orcs
  4 endoplasms
  A giant cockroach (D:1)
  5 goblins
  4 hobgoblins (D:2)
  4 jackals (D:1)
  6 kobolds
  A quokka (D:2)
  A ball python (D:1)
  3 bats (D:1)
  A frilled lizard (D:2)
  5 rats
37 creatures vanquished.

Notes
Turn   | Place    | Note
-------+----------+-------------------------------------------
     0 | D:1      | CrazyBamboolord the Merfolk Transmuter began the quest for
                  | the Orb.
     0 | D:1      | Reached XP level 1. HP: 15/15 MP: 3/3
   203 | D:1      | Reached XP level 2. HP: 20/21 MP: 3/5
  1181 | D:2      | Reached XP level 3. HP: 26/26 MP: 4/6
  1242 | D:2      | Learned a level 2 spell: Wereblood
  1246 | D:2      | Learned a level 3 spell: Spider Form
  1508 | D:2      | Reached skill level 4 in Unarmed Combat
  2005 | D:3      | Found a faded altar of an unknown god.
  2008 | D:3      | Found an iron altar of Okawaru.
  2093 | D:3      | Killed from afar by an orc wizard

Illustrated notes

Levels and vault maps discovered:
D:1:      dpeg_arrival_short_road, layout_basic, minmay_misc_feat_chi
D:2:      layout_basic
D:3:      layout_basic, okawaru_metal_pillars_3, basic_ecumenical_altar

Skill      XL: |  1  2  3 |
---------------+----------+-----
Transmutations | 3 |  3.1
Unarmed Combat | 4 |  4.0
Dodging        | 3 |  3.1
Fighting       | |  1.6
Spellcasting   | |  2.3
Poison Magic   | |  0.3

Action                     || total
---------------------------++-------
  Melee: Unarmed           ||   121
         Headbutt          ||    12
         Punch             ||     4
   Cast: Beastly Appendage ||    30
    Use: Scroll            ||     3
         Potion            ||     1
   Stab: Sleeping          ||     1
 Armour: Robe              ||    12
  Dodge: Dodged            ||    65

Table legend: (Time is in decaauts)
 A = Elapsed time spent in this place.
 B = Non-inter-level travel time spent in this place.
 C = Inter-level travel time spent in this place.
 D = Time resting spent in this place.
 E = Time spent auto-exploring this place.
 F = Levels seen in this place.
 G = Mean time per level.
                   A        B        C        D        E       F      G
               +--------+--------+--------+--------+--------+-----+--------+
         Total |   2084 |   2018 |     66 |      0 |   1706 |   3 |  694.7 |
       Dungeon |   2084 |   2018 |     66 |      0 |   1706 |   3 |  694.7 |
               +--------+--------+--------+--------+--------+-----+--------+

Top non-repeatable levels by time:
     D:2: 1020 daAuts
     D:1: 977 daAuts
     D:3: 85 daAuts
